 Dungeon Crawl Stone Soup version 0.27-a0-417-g317cea8 (webtiles) character file.

Game seed: 15419304625070879834

240 GeorgeSoros the Cudgeller (level 6, -2/50 HPs)
             Began as a Gnoll Wanderer on Feb 25, 2021.
             Killed from afar by Dowan (22 damage)
             ... with a shard of ice
             ... on level 4 of the Dungeon.
             The game lasted 00:07:41 (2565 turns).

GeorgeSoros the Cudgeller (Gnoll Wanderer)          Turns: 2565, Time: 00:07:42

Health: -2/50      AC: 12    Str: 11    XL:     6   Next: 8%
Magic:  10/11      EV: 15    Int: 15    God:
Gold:   154        SH:  0    Dex: 10    Spells: 11/11 levels left

rFire    . . .     SeeInvis .   n - +1 great sword (drain)
rCold    . . .     Faith    .   (shield currently unavailable)
rNeg     . . .     Spirit   .   l - +2 leather armour {Will+}
rPois    .         Reflect  .   (no helmet)
rElec    .         Harm     .   f - +0 cloak
rCorr    .         Rampage  .   j - +0 pair of gloves
Will     +....                  i - +0 pair of boots
Stlth    +.........             (no amulet)
HPRegen  0.16/turn              h - +4 ring of protection
MPRegen  0.12/turn              p - +4 ring of evasion

@: no status effects
A: distributed training, fangs 1, strong nose
a: no special abilities


You were on level 4 of the Dungeon.
You visited 1 branch of the dungeon, and saw 4 of its levels.

You collected 154 gold pieces.

Inventory:

Hand Weapons
 a - a +3 mace
 n - a +1 great sword of draining (weapon)
Armour
 f - a +0 cloak (worn)
 i - a +0 pair of boots (worn)
 j - a +0 pair of gloves (worn)
 l - a +2 leather armour of willpower (worn)
Jewellery
 h - a +4 ring of protection (left hand)
 p - a +4 ring of evasion (right hand)
Wands
 c - a wand of random effects (15) (quivered)
Scrolls
 k - 2 scrolls of teleportation
 o - a scroll of amnesia
 r - a scroll of enchant armour
Potions
 b - a potion of curing
 d - a potion of haste {unknown}
 e - a potion of heal wounds
 g - a potion of brilliance {unknown}
 m - a potion of attraction {unknown}
 q - a potion of ambrosia {unknown}


   Skills:
 + Level 4.9 Fighting
 + Level 1.8 Short Blades
 + Level 1.8 Long Blades
 + Level 1.8 Axes
 + Level 6.8 Maces & Flails
 + Level 1.8 Polearms
 + Level 1.8 Staves
 + Level 1.8 Slings
 + Level 1.8 Bows
 + Level 1.8 Crossbows
 + Level 1.8 Throwing
 + Level 1.8 Armour
 + Level 1.8 Dodging
 + Level 1.8 Stealth
 + Level 1.8 Shields
 + Level 1.8 Unarmed Combat
 + Level 3.3 Spellcasting
 + Level 1.4 Conjurations
 + Level 1.4 Hexes
 + Level 1.4 Summonings
 + Level 2.5 Necromancy
 + Level 1.4 Translocations
 + Level 2.5 Transmutations
 + Level 1.4 Fire Magic
 + Level 1.4 Ice Magic
 + Level 1.4 Air Magic
 + Level 1.4 Earth Magic
 + Level 1.4 Poison Magic
 + Level 2.0 Invocations
 + Level 4.9 Evocations


You had 11 spell levels left.
You didn't know any spells.
Your spell library was empty.

Dungeon Overview and Level Annotations

Branches:
Dungeon (4/15)
 Temple: D:4-7

Altars:

Annotations:
D:4 Blork the orc, Dowan


Innate Abilities, Weirdness & Mutations

Your experience applies equally to all skills.
You have very sharp teeth.
Your uncanny sense of smell can sniff out nearby items.


Message History

Your Invocations skill increases to level 2!
You have reached level 6!
Your experience leads to an increase in your attributes!
Increase (S)trength, (I)ntelligence, or (D)exterity?
You feel clever.
Dowan seems to find hidden reserves of power!
Things that are here:
a +0 short sword; a +0 leather armour; the elf corpse of Duvessa Dowan closely misses you.
Dowan barely misses you.
You riposte.
You closely miss Dowan. You barely miss Dowan. Dowan misses you. x2
You hit Dowan but do no damage. You drain Dowan.
Dowan is lightly wounded.
Dowan hits you but does no damage. Dowan barely misses you.
Dowan completely misses you.
You closely miss Dowan.
Dowan is lightly wounded.
Dowan casts a spell at you. The shard of ice misses you.
Dowan barely misses you.
You hit Dowan. You drain Dowan.
Dowan is moderately wounded.
Dowan barely misses you.
You riposte.
You closely miss Dowan. You bite Dowan.
Dowan is moderately wounded.
Dowan gestures at you while chanting. The shard of ice hits you!
Dowan completely misses you.
You riposte.
You closely miss Dowan.
Dowan is moderately wounded.
You hit Dowan. You drain Dowan.
Dowan is severely wounded.
Dowan hits you but does no damage. x2
You hit Dowan.
Dowan is almost dead.
Dowan points at you and mumbles some strange words.
The stone arrow hits you. Dowan hits you but does no damage.
You closely miss Dowan.
Dowan is almost dead.
Dowan hits you but does no damage. Dowan gestures at you while chanting.
The shard of ice hits you!!
You die...

.# #.# ∆ .# #.# .# #.# ## #
.##.# # #.### .#.### #.<.#
#.#.#.######.#....
.########.#..#<............
∆ ..........#####...##..$
#######.#####..........
#....)@e#...##..
##########.## .# .# .. e.
e.# ..#


You could see Dowan (fast, drained).

Vanquished Creatures
  Duvessa (D:4)
  5 adders
  4 worms (D:2)
  A dart slug (D:2)
  2 leopard geckos
  5 orcs (D:3)
  A ball python (D:3)
  2 giant cockroaches
  13 goblins
  6 hobgoblins
  4 jackals (D:1)
  7 kobolds
  6 bats
  7 frilled lizards
  5 rats
69 creatures vanquished.

Notes
Turn   | Place    | Note
-------+----------+-------------------------------------------
     0 | D:1      | GeorgeSoros the Gnoll Wanderer began the quest for the Orb.
     0 | D:1      | GeorgeSoros set off with the following items: a +2 mace, a
                  | potion of curing, a wand of random effects (15), a +0 robe
     0 | D:1      | Reached XP level 1. HP: 20/20 MP: 4/4
   379 | D:1      | Reached XP level 2. HP: 23/26 MP: 5/5
  1014 | D:2      | Reached XP level 3. HP: 31/31 MP: 7/7
  1132 | D:2      | Reached skill level 1 in Invocations
  1318 | D:2      | Reached skill level 1 in Short Blades
  1318 | D:2      | Reached skill level 1 in Long Blades
  1318 | D:2      | Reached skill level 1 in Axes
  1318 | D:2      | Reached skill level 1 in Polearms
  1318 | D:2      | Reached skill level 1 in Staves
  1318 | D:2      | Reached skill level 1 in Slings
  1318 | D:2      | Reached skill level 1 in Bows
  1318 | D:2      | Reached skill level 1 in Crossbows
  1318 | D:2      | Reached skill level 1 in Throwing
  1318 | D:2      | Reached skill level 1 in Armour
  1318 | D:2      | Reached skill level 1 in Dodging
  1318 | D:2      | Reached skill level 1 in Stealth
  1318 | D:2      | Reached skill level 1 in Shields
  1318 | D:2      | Reached skill level 1 in Unarmed Combat
  1335 | D:2      | Reached XP level 4. HP: 33/38 MP: 8/8
  2069 | D:3      | Reached skill level 1 in Conjurations
  2069 | D:3      | Reached skill level 1 in Hexes
  2069 | D:3      | Reached skill level 1 in Summonings
  2069 | D:3      | Reached skill level 1 in Translocations
  2069 | D:3      | Reached skill level 1 in Fire Magic
  2069 | D:3      | Reached skill level 1 in Ice Magic
  2069 | D:3      | Reached skill level 1 in Air Magic
  2069 | D:3      | Reached skill level 1 in Earth Magic
  2069 | D:3      | Reached skill level 1 in Poison Magic
  2320 | D:3      | Reached XP level 5. HP: 43/43 MP: 9/9
  2492 | D:4      | Noticed Blork the orc
  2535 | D:4      | Noticed Duvessa
  2535 | D:4      | Noticed Dowan
  2556 | D:4      | Killed Duvessa
  2557 | D:4      | Reached XP level 6. HP: 27/50 MP: 9/11
  2565 | D:4      | Killed from afar by Dowan

Illustrated notes

Levels and vault maps discovered:
D:1:      onia_arrival_pyramid, layout_loops_ring
D:2:      layout_basic
D:3:      layout_rooms, kennysheep_generic_room_4
D:4:      layout_loops_ring, uniq_eustachio, uniq_natasha, uniq_duvessa,
          uniq_blork_the_orc

Skill      XL: |  1  2  3  4  5 |
---------------+----------------+-----
Necromancy     | 2 |  2.5
Transmutations | 2 |  2.5
Invocations    | 1 2 |  2.0
Short Blades   | 1 |  1.8
Long Blades    | 1 |  1.8
Axes           | 1 |  1.8
Polearms       | 1 |  1.8
Staves         | 1 |  1.8
Slings         | 1 |  1.8
Bows           | 1 |  1.8
Crossbows      | 1 |  1.8
Throwing       | 1 |  1.8
Armour         | 1 |  1.8
Dodging        | 1 |  1.8
Stealth        | 1 |  1.8
Shields        | 1 |  1.8
Unarmed Combat | 1 |  1.8
Spellcasting   | 3 |  3.3
Conjurations   | 1 |  1.4
Hexes          | 1 |  1.4
Summonings     | 1 |  1.4
Translocations | 1 |  1.4
Fire Magic     | 1 |  1.4
Ice Magic      | 1 |  1.4
Air Magic      | 1 |  1.4
Earth Magic    | 1 |  1.4
Poison Magic   | 1 |  1.4
Fighting       | |  4.9
Maces & Flails | |  6.8
Evocations     | |  4.9

Action                   |  1- 3 |  4- 6 || total
-------------------------+-------+-------++-------
Melee: Mace              |    94 |    14 ||   108
       Bite              |     5 |    10 ||    15
       Great sword       |       |    86 ||    86
  Use: Scroll            |     3 |     6 ||     9
 Stab: Sleeping          |     1 |     3 ||     4
Armor: Robe              |    17 |       ||    17
       Leather armour    |    15 |    36 ||    51
Dodge: Dodged            |    52 |    78 ||   130
       Rpst.: Great sword |       |    24 ||    24

Table legend: (Time is in decaauts)
 A = Elapsed time spent in this place.
 B = Non-inter-level travel time spent in this place.
 C = Inter-level travel time spent in this place.
 D = Time resting spent in this place.
 E = Time spent auto-exploring this place.
 F = Levels seen in this place.
 G = Mean time per level.
                   A        B        C        D        E       F      G
               +--------+--------+--------+--------+--------+-----+--------+
         Total |   2629 |   2487 |    142 |      0 |   1872 |   4 |  657.2 |
       Dungeon |   2629 |   2487 |    142 |      0 |   1872 |   4 |  657.2 |
               +--------+--------+--------+--------+--------+-----+--------+

Top non-repeatable levels by time:
     D:1: 1031 daAuts
     D:2: 991 daAuts
     D:3: 548 daAuts
     D:4: 57 daAuts
